Map: 16-Bit LE

Players

meowmeowcute - Winner!

  • Race: Protoss Protoss
  • Spawn Location: 1:00

A.I. 1 (Medium)

  • Race: Terran Terran
  • Spawn Location: 7:00

VOD

Have the link to the VOD?

Description

Time

  • Played on: June 24, 2018, 3:32 p.m.
  • Length: 16:06
Show
View Real Time Build Order
Export as new Build Order

meowmeowcute Protoss - Winner!

Build Orders:  

Get SALT Encoding   

  12  0:18  Probe  
  12  0:20  Pylon  
  13  0:35  Probe  
  14  0:45  Gateway  
  14  0:49  Probe  
  15  0:55  Assimilator  
  15  1:05  Probe  
  15  1:07  Pylon  
  16  1:13  Probe  
  16  1:14  Assimilator  
  17  1:22  Probe  
  18  1:38  Probe  
  19  1:42  Cybernetics Core  
  19  1:45  Zealot  
  21  1:50  Probe  
  22  1:58  Probe  
  22  2:05  Pylon  
  22  2:08  Probe  
  24  2:20  Probe  
  25  2:30  Pylon  
  25  2:32  Probe, Warp Gate  
  26  2:46  Probe  
  27  2:52  Stargate  
  27  2:54  Probe, Zealot  
  28  3:02  Probe  
  31  3:13  Probe  
  31  3:16  Zealot  
  32  3:25  Probe  
  35  3:37  Probe  
  36  3:42  Fleet Beacon  
  36  3:49  Probe  
  36  3:52  Gateway  
  37  4:08  Nexus  
  37  4:19  Stargate  
  37  4:26  Probe  
  38  4:31  Robotics Facility  
  38  4:35  Robotics Facility  
  38  4:52  Pylon  
  38  4:57  Pylon  
  38  4:58  Stalker  
  40  5:00  Stalker  
  42  5:21  Pylon  
  42  5:24  Pylon  
  42  5:37  Probe  
  42  5:40  Assimilator  
  42  5:41  Stalker  
  42  5:42  Stalker  
  47  5:44  Assimilator  
  48  5:50  Probe  
  48  6:02  Probe  
  49  6:11  Observer  
  50  6:14  Mothership  
  58  6:20  Stalker  
  60  6:29  Assimilator  
  60  6:31  Assimilator  
  60  6:44  Probe  
  60  6:52  Probe  
  62  7:01  Probe  
  62  7:04  Stalker  
  62  7:05  Stalker  
  62  7:07  Carrier  
  67  7:09  Carrier  
  67  7:12  Nexus  
  67  7:13  Probe  
  78  7:25  Probe  
  77  7:36  Shield Battery  
  77  7:51  Probe  
  78  8:03  Probe  
  78  8:05  Observer  
  80  8:08  Probe  
  81  8:15  Probe  
  82  8:20  Immortal, Probe  
  82  8:26  Immortal  
  91  8:27  Probe  
  91  8:32  Probe  
  93  8:39  Probe  
  94  8:44  Probe  
  95  8:51  Probe  
  95  8:52  Probe  
  96  9:00  Pylon, Probe  
  97  9:03  Probe  
  99  9:10  Probe  
  99  9:16  Probe  
  101  9:22  Probe  
  102  9:34  Probe  
  103  9:49  Probe  
  104  10:01  Probe  
  105  10:18  Probe  
  106  10:30  Probe  
  106  10:33  Nexus  
  107  10:42  Probe  
  108  10:54  Probe  
  105  11:06  Probe  
  106  11:22  Carrier  
  106  11:27  Assimilator  
  106  11:32  Assimilator  
  112  11:34  Carrier  
  112  11:41  Pylon  
  112  11:46  Pylon, Immortal  
  118  11:47  Immortal, Graviton Catapult  
  126  11:54  Protoss Air Armor Level 1  
  126  11:59  Stalker  
  126  12:00  Stalker, Probe  
  131  12:08  Probe  
  132  12:18  Probe  
  133  12:24  Stalker  
  133  12:25  Stalker  
  133  12:29  Immortal  
  137  12:30  Probe  
  137  12:31  Immortal  
  146  12:42  Probe  
  147  12:44  Pylon  
  147  12:45  Probe  
  147  12:46  Pylon  
  148  13:02  Tempest, Probe  
  148  13:04  Tempest  
  161  13:14  Probe  
  162  13:26  Probe  
  163  13:38  Probe  
  164  14:03  Pylon  
  164  14:05  Pylon  
  164  14:07  Pylon  
  164  14:21  Immortal x2  
  172  15:05  Immortal x2  
  178  15:14  Pylon  
Show
View Real Time Build Order
Export as new Build Order

A.I. 1 (Medium) Terran 

Build Orders: Command Center First (CC) 

Get SALT Encoding   

  12  0:00  SCV  
  13  0:13  SCV  
  14  0:19  Supply Depot  
  14  0:25  SCV  
  15  0:41  SCV  
  16  0:58  Command Center  
  16  1:05  Refinery  
  16  1:17  Barracks  
  16  1:19  SCV  
  17  1:26  Refinery  
  17  1:31  SCV  
  18  1:40  Supply Depot  
  18  2:07  Factory  
  18  2:14  Orbital Command  
  18  2:21  SCV  
  19  2:33  SCV  
  20  2:46  SCV  
  21  2:53  Starport  
  21  2:57  Starport  
  21  3:00  SCV  
  22  3:13  SCV  
  23  3:28  SCV  
  23  3:29  Starport Tech Lab  
  23  3:33  Viking  
  26  3:49  Banshee  
  29  3:57  Engineering Bay, Barracks Tech Lab  
  29  4:04  Starport Tech Lab  
  29  4:22  Medivac  
  31  4:32  Viking  
  33  4:52  Banshee  
  36  6:46  Viking, Raven, SCV  
  41  6:47  Refinery  
  41  6:49  Missile Turret  
  41  6:50  Missile Turret  
  41  6:53  Supply Depot, Missile Turret  
  41  6:56  Factory Tech Lab, Missile Turret  
  41  7:01  Sensor Tower  
  41  7:04  Armory  
  41  7:07  Barracks  
  41  7:11  Barracks, SCV  
  41  7:13  Refinery  
  41  7:14  SCV  
  43  7:16  Raven, Bunker  
  43  7:21  Bunker  
  43  7:22  Supply Depot  
  40  7:23  SCV  
  40  7:26  Bunker, SCV  
  40  7:29  Banshee  
  40  7:35  SCV  
  41  7:38  SCV  
  42  7:47  SCV  
  42  7:50  SCV  
  44  7:53  Barracks Tech Lab  
  44  7:58  Barracks Reactor  
  44  7:59  Viking, SCV  
  44  8:02  SCV  
  48  8:09  Supply Depot  
  48  8:11  SCV  
  49  8:14  SCV  
  49  8:17  Banshee  
  53  8:23  SCV  
  53  8:26  SCV  
  55  8:35  SCV  
  55  8:38  SCV  
  55  8:40  Banshee  
  60  8:42  Supply Depot  
  60  8:48  SCV  
  61  8:50  SCV  
  62  9:00  SCV  
  63  9:02  SCV  
  63  9:04  Viking  
  66  9:12  SCV  
  66  9:15  SCV  
  69  9:24  SCV  
  69  9:27  SCV  
  69  9:29  Supply Depot  
  69  9:31  Raven  
  70  9:36  SCV  
  71  9:55  SCV  
  71  10:04  Raven  
  70  10:30  Raven  
  61  10:43  Sensor Tower  
  61  10:46  Banshee  
  61  10:48  Marine  
  65  10:56  Hellion  
  61  11:03  Marauder  
  58  11:10  Marine  
  57  11:13  Raven  
  57  11:17  Supply Depot  
  57  11:18  Hellion  
  61  11:25  Marauder, Factory  
  63  11:28  Engineering Bay  
  63  11:29  Medivac  
  63  11:32  Command Center, Marine  
  66  11:42  Supply Depot  
  66  11:48  Terran Ship Weapons Level 1  
  66  11:56  Viking  
  66  11:59  Medivac  
  70  12:05  Hi-Sec Auto Tracking  
  70  12:09  Factory Tech Lab  
  70  12:12  Ghost Academy  
  70  12:25  Banshee  
  70  12:29  Raven  
  75  12:32  Fusion Core  
  75  12:40  Armory  
  75  12:45  SCV  
  75  12:47  SCV  
  75  12:50  SCV  
  78  12:52  Refinery  
  78  12:54  Missile Turret  
  78  12:56  Refinery, Missile Turret  
  78  12:57  SCV  
  79  12:59  SCV  
  79  13:02  SCV  
  81  13:08  Viking  
  81  13:09  SCV  
  81  13:12  SCV  
  85  13:15  Banshee  
  88  13:22  Bunker  
  87  13:27  SCV  
  88  13:38  Viking  
  90  13:58  Viking  
  92  14:08  Viking  
  93  14:11  SCV  
  94  14:21  Marine  
  94  14:22  SCV  
  93  14:27  Raven  
  93  14:28  SCV  
  93  14:29  Hellion  
  77  14:35  Supply Depot  
  77  14:36  Marauder  
  77  14:37  SCV  
  77  14:38  Raven  
  59  14:40  SCV  
  59  14:43  Marine  
  57  14:49  SCV  
  57  14:51  Hellion  
  47  14:53  SCV  
  47  14:58  Marine  
  49  15:01  SCV  
  49  15:05  Marine, SCV  
  48  15:13  Hellion, SCV  
  45  15:17  SCV  
  45  15:20  Ghost Academy, Marine  
  35  15:21  Medivac  
  35  15:25  SCV  
  35  15:27  Marine  
  26  15:29  SCV  
  26  15:35  Marine  
  22  15:37  SCV  
  22  15:41  SCV  
  22  15:42  Marauder  
  18  15:53  SCV  
Tags
 
Add a new tag
Caveats
  • Supply blocks, unpowered buildings, or Contaminate may cause inaccurate times.
  • Supply counts are checked every 10 seconds.